 Dungeon Crawl Stone Soup version 0.29.0-11-gd7f09526c8 (webtiles) character file.

Game seed: 16552356060685043382

721 Iusername the Covered (level 7, 0/91 HPs)
             Began as a Minotaur Fighter on Sept 2, 2022.
             Was an Initiate of the Shining One.
             Slain by a scorpion zombie (2 damage)
             ... on level 4 of the Dungeon.
             The game lasted 00:09:38 (4733 turns).

Iusername the Covered (Minotaur Fighter)            Turns: 4733, Time: 00:09:39

Health: 0/91       AC: 23    Str: 23    XL:     7   Next: 42%
Magic:  6/6        EV:  2    Int:  5    God:    the Shining One [......]
Gold:   121        SH:  4    Dex:  9    Spells: 6/6 levels left

rFire   . . .      SeeInvis .   n - +2 hand axe (venom)
rCold   . . .      Faith    .   c - +0 buckler
rNeg    . . .      Spirit   .   (body armour currently unavailable)
rPois   +          Reflect  .   (helmet currently unavailable)
rElec   .          Harm     .   (cloak currently unavailable)
rCorr   .          Rampage  .   (gloves currently unavailable)
Will    .....      NoTele   +   (boots currently unavailable)
Stlth   +.........              (no amulet)
HPRegen 0.25/turn               (no ring)
MPRegen 0.10/turn               (no ring)

@: mighty, lethally poisoned (0 -> -5), tree-form, attractive, glowing
A: stationary, stasis, torment immunity, boosted hp, (horns 2), (retaliatory
headbutt)
a: Renounce Religion


You were on level 4 of the Dungeon.
You worshipped the Shining One.
The Shining One was noncommittal.
You were a tree.
You visited 2 branches of the dungeon, and saw 5 of its levels.

You collected 121 gold pieces.

Inventory:

Hand Weapons
 n - a +2 hand axe of venom (weapon)
Missiles
 f - 4 boomerangs (quivered)
 l - 4 javelins
Armour
 b - a +0 scale mail (melded)
 c - a +0 buckler (worn)
Jewellery
 i - a ring of protection from cold
Scrolls
 e - a scroll of teleportation
 g - 2 scrolls of blinking
 h - a scroll of brand weapon {unknown}
 j - 2 scrolls of enchant armour
 k - a scroll of magic mapping
 p - 2 scrolls of identify
 r - 2 scrolls of enchant weapon {unknown}
 s - a scroll of poison {unknown}


   Skills:
 + Level 5.3 Fighting
 + Level 4.9(5.5) Axes
 + Level 3.6(4.9) Polearms
 + Level 1.6 Throwing
 + Level 6.2 Armour
 + Level 1.3 Dodging
 + Level 0.5 Stealth
 + Level 4.8 Shields


You had 6 spell levels left.
You didn't know any spells.
Your spell library contained the following spells:

 Spells                   Type           Power      Damage    Failure   Level
 Summon Small Mammal      Summ           0%         N/A       56%         1
 Call Canine Familiar     Summ           0%         N/A       90%         3
 Summon Guardian Golem    Hex/Summ       0%         N/A       90%         3
 Passage of Golubria      Tloc           0%         N/A       100%        4
 Silence                  Hex/Air        0%         N/A       100%        5
 Lehudib's Crystal Spear  Conj/Erth      0%         10d2      100%        8


Dungeon Overview and Level Annotations

Branches:
Dungeon (4/15)             Temple (1/1) D:4

Altars:
Ashenzari
Cheibriados
Dithmenos
Elyvilon
Fedhas
Hepliaklqana
Kikubaaqudgha
Nemelex Xobeh
Qazlal
Ru
Sif Muna
Uskayaw
Vehumet
Wu Jian
Yredelemnul
Zin
The Shining One

Shops:
D:3 :


Innate Abilities, Weirdness & Mutations

You are a tree.
Your roots penetrate the ground, keeping you stationary.
You cannot be teleported.
You are immune to unholy pain and torment.
Your maximum health is greatly increased.
Your equipment is partially melded.
((You have a pair of horns on your head.))
((You reflexively headbutt those who attack you in melee.))


Message History

You kill the water moccasin!
You slash the centaur zombie! You slash the hound skeleton!
* * * LOW HITPOINT WARNING * * *
You feel very sick. The hound skeleton barely misses you.
The centaur zombie hits you.
* * * LOW HITPOINT WARNING * * *
The centaur zombie kicks you but does no damage.
The hound skeleton bites you but does no damage.
You slash the centaur zombie!
The centaur zombie is severely damaged.
You hit the scorpion zombie but do no damage.
You hit the hound skeleton.
You destroy the hound skeleton!
The Shining One accepts your kill.
* * * LOW HITPOINT WARNING * * *
You feel very sick.
The centaur zombie hits you but does no damage.
The centaur zombie kicks you but does no damage.
The scorpion zombie hits you but does no damage.
The centaur zombie hits you but does no damage.
The centaur zombie kicks you but does no damage.
Your Armour skill increases to level 6!
You slash the centaur zombie!
You destroy the centaur zombie!
The Shining One accepts your kill.
You slash the scorpion zombie!
* * * LOW HITPOINT WARNING * * *
You feel very sick.
The scorpion zombie hits you but does no damage.
You cannot move.
You slash the scorpion zombie!
The scorpion zombie is heavily damaged.
* * * LOW HITPOINT WARNING * * *
You feel sick.
The scorpion zombie hits you but does no damage.
You hit the scorpion zombie.
The scorpion zombie is severely damaged.
* * * LOW HITPOINT WARNING * * *
You feel sick. The scorpion zombie hits you.
You die...

#..##.....##..####...##
#..##.....#############
....#..........#......#
....#..........#......#
.)..+.................#
##.##..#..##.........#
#####......#.........##
......................#
..............?.♣Z....#
##..............#†....#
##.........##..##.....#
........#..##..# ...###
........#......# ...#
.......##..##... ....
###....##..##..##.....
#######..###+# .....~
.<.


You could see a scorpion zombie.

Vanquished Creatures
  A water moccasin (D:4)
  3 phantoms (D:4)
  2 bullfrog zombies (D:4)
  2 centaur zombies (D:4)
  A jelly (D:3)
  A hound (D:4)
  A bullfrog skeleton (D:4)
  A scorpion zombie (D:4)
  A hound zombie (D:4)
  A hound skeleton (D:4)
  5 adders
  An adder skeleton (D:4)
  A worm (D:2)
  3 dart slugs (D:1)
  6 ball pythons
  7 endoplasms
  4 giant cockroaches
  5 goblins
  7 hobgoblins
  6 jackals (D:2)
  8 kobolds
  2 quokkas
  6 bats
  3 frilled lizards
  A jackal zombie (D:4)
  4 rats
83 creatures vanquished.

Vanquished Creatures (others)
  6 plants (D:2)
  A withered plant (D:4)
7 creatures vanquished.

Grand Total: 90 creatures vanquished

Notes
Turn   | Place    | Note
-------+----------+-------------------------------------------
     0 | D:1      | Iusername the Minotaur Fighter began the quest for the Orb.
     0 | D:1      | Reached XP level 1. HP: 19/19 MP: 0/0
   236 | D:1      | Reached XP level 2. HP: 15/27 MP: 1/1
  1052 | D:1      | Reached skill level 4 in Armour
  1261 | D:2      | Reached XP level 3. HP: 33/33 MP: 2/2
  1709 | D:2      | Found a faded altar of an unknown god.
  1985 | D:2      | Reached XP level 4. HP: 40/40 MP: 3/3
  2195 | D:3      | Reached skill level 1 in Throwing
  2245 | D:3      | Found Fuyravo's Book Boutique.
  2312 | D:3      | Found a faded altar of an unknown god.
  2317 | D:3      | Found an ornate altar of the Wu Jian Council.
  2426 | D:3      | Reached skill level 1 in Axes
  2633 | D:3      | Reached XP level 5. HP: 13/46 MP: 4/4
  3836 | D:4      | Noticed a phantom
  3836 | D:4      | Noticed a phantom
  3842 | D:4      | Reached skill level 5 in Armour
  3846 | D:4      | Killed a phantom
  3847 | D:4      | Reached XP level 6. HP: 42/53 MP: 5/5
  3857 | D:4      | Reached skill level 1 in Dodging
  4210 | D:4      | Found a staircase to the Ecumenical Temple.
  4257 | D:4      | Reached skill level 5 in Fighting
  4287 | Temple   | Entered the Ecumenical Temple
  4558 | Temple   | Became a worshipper of the Shining One
  4666 | D:4      | Reached XP level 7. HP: 58/61 MP: 6/6
  4731 | D:4      | Reached skill level 6 in Armour
  4731 | D:4      | HP: 4/91 [poisoned by a water moccasin]
  4733 | D:4      | Slain by a scorpion zombie

Illustrated notes

Levels and vault maps discovered:
D:1:      reono_arrival_forest_river, layout_loops_ring
D:2:      minmay_chambers_of_ones, layout_loops_ring,
          dilly_ecumenical_altar_fadedgnrine
D:3:      layout_loops_corners, nicolae_overflow_ecumenical_swirl, serial_shops,
          shop, chequers_serial_rivers_micro_a, kennysheep_cluttered_room,
          chequers_decorated_corner
D:4:      layout_gridville, minmay_temple_entry_statues, serial_undead,
          serial_undead_a, serial_undead_b, serial_undead_f, serial_undead_e,
          serial_undead_f, serial_undead_f, serial_undead_a, serial_undead_e
Temple:   minmay_temple_bridge_d

Skill      XL: |  1  2  3  4  5  6  7 |
---------------+----------------------+-----
Polearms       | 3 |  3.6
Shields        | 4 |  4.8
Fighting       | 4 5 |  5.3
Armour         | 4 5 6 |  6.2
Throwing       | 1 |  1.6
Axes           | 1 2 4 |  4.9
Dodging        | 1 |  1.3
Stealth        | |  0.5

Action                   |  1- 3 |  4- 6 |  7- 9 || total
-------------------------+-------+-------+-------++-------
Melee: Trident           |    66 |       |       ||    66
       Headbutt          |     3 |    11 |     2 ||    16
       Hand axe          |     4 |   110 |    18 ||   132
Throw: Boomerang         |    28 |       |       ||    28
  Use: Scroll            |       |     5 |       ||     5
       Potion            |       |       |     5 ||     5
Armor: Scale mail        |    26 |    39 |    15 ||    80
       Skin              |       |       |    11 ||    11
Dodge: Dodged            |    23 |    45 |    17 ||    85
Block: Buckler           |    18 |    27 |     5 ||    50
